Login

Chiefs vs Fucksticks

Created - April 7, 2024 at 11:49

Goals
1 2 3 OT1 SO T
Chiefs 0 0 2 0 0 2
Fucksticks 0 2 0 0 1 3
Shots
1 2 3 OT1 SO T
Chiefs 3 8 3 2 3 16
Fucksticks 12 15 10 1 3 38

GoalsPenalties
1st period
No Goal
Frank Vatrano (GLA) for Tripping (Minor) at 1:07
Miro Heiskanen (GLA) for Roughing (Minor) at 11:46
Jesse Puljujarvi (GLA) for Hooking (Minor) at 19:16
2nd period
1. Fucksticks , Boone Jenner 17 (Patrice Bergeron 12, Alex DeBrincat 13) at 9:20
2. Fucksticks , Mulvinder BitchTits 16 (Tage Thompson 11, MacKenzie Weegar 16) at 15:25 (PP)
Miro Heiskanen (GLA) for Hooking (Minor) at 4:03
Jake Muzzin (GLA) for Roughing (Minor) at 15:10
3rd period
3. Chiefs , Ryan Nugent-Hopkins 21 (Leon Draisaitl 36, Miro Heiskanen 24) at 5:15
4. Chiefs , Brad Marchand 16 (Vincent Desharnais 9, Drew Doughty 15) at 15:08
Overtime #1
No Goal
Shootout
Chiefs, Leon Draisaitl - Stopped by Ilya Sorokin
Fucksticks, Connor McDavid - Stopped by Stuart Skinner
Chiefs, Ryan Nugent-Hopkins - Shot Misses the Net
Fucksticks, David Pastrnak - Stopped by Stuart Skinner
Chiefs, Dave Hunt - Shot Misses the Net
Fucksticks, Tage Thompson - Goal!
Goalie Stats
Stuart Skinner (GLA), 36 saves from 38 shots - (0.947), OTL, 31-22-6, 65:00 minutes
Ilya Sorokin (FUK), 14 saves from 16 shots - (0.875), W, 35-12-2, 65:00 minutes
3 StarsOfficial
1 - Stuart Skinner (GLA)
2 - Mulvinder BitchTits (FUK)
3 - Brad Marchand (GLA)
Referees : Unknown
Linesman : Unknown
Game Note
No Game Note
Finance
Level 1 -- Attendance: 4765 (79.42%) -- Ticket Income $476,500
Level 2 -- Attendance: 3524 (70.48%) -- Ticket Income $211,440
Level 3 -- Attendance: 1686 (84.30%) -- Ticket Income $59,010
Level 4 -- Attendance: 3097 (77.43%) -- Ticket Income $77,425
Luxury Box -- Attendance: 968 (96.80%) -- Ticket Income $193,600
Game was played at the Highlander Center.
Total Attendance: 14040 (78.00%)
Total Ticket Income: $1,017,975
Other Income: $407,190
Total Income: $1,425,165



Team Name Goals Shots Shots Attemp Shots Blocked PIM HIT PP PK FO%
Chiefs 21650101090 / 0 (0.00%147%
Fucksticks 3388970131 / 5 (20%)053%

Chiefs
Player Name POS G A P +/- PIM HIT SHT SB MP PP MP PP SHT PK MP PK SHT FO% FOT
Brad MarchandLW1011002018:000:0000:00025% 4
Brandon DavidsonD000000113:110:0003:1110% 0
Casey CizikasC000-1000015:580:0000:16060% 15
Curtis LazarC/RW0001020016:510:0000:00038% 16
Dave HuntLW/RW0001021018:290:0003:04020% 5
Drew DoughtyD0111020116:510:0000:0000% 0
Frank VatranoLW/RW000-1201015:410:0000:0000% 0
Ivan ProvorovD000-1002025:130:0004:0600% 0
Jake DeBruskLW/RW0001001018:000:0000:0000% 0
Jake MuzzinD000-1200118:240:0000:0000% 0
Jesse PuljujarviRW000020007:160:0000:000100% 1
Jordan EberleRW000000007:300:0001:5600% 0
Leon DraisaitlC/LW0111002027:230:0005:59051% 35
Marc-Edouard VlasicD0001020325:180:0005:2800% 0
Miro HeiskanenD0111400417:380:0002:0600% 0
Reilly SmithRW000-1001015:420:0000:0000% 0
Ryan Nugent-HopkinsC/LW1011003020:570:0005:07033% 3
Vincent DesharnaisD0111012018:220:0001:3100% 0
Fucksticks
Player Name POS G A P +/- PIM HIT SHT SB MP PP MP PP SHT PK MP PK SHT FO% FOT
Alex DeBrincatLW/RW011-1001121:234:5100:0000% 1
Boone JennerC/LW101-1015014:440:0000:0000% 0
Connor McDavidC0000003219:553:2020:00080% 20
David PastrnakRW0000025026:163:2010:00050% 2
Dawson MercerRW000000106:520:0000:0000% 1
J.J. MoserD000-1010115:480:0000:0000% 0
John CarlsonD0000000016:170:0000:0000% 0
Kyle ConnorLW0000012021:564:5110:0000% 0
MacKenzie WeegarD0110010119:183:0100:0000% 0
Mark GiordanoD000-1001016:271:4300:0000% 0
Mark StoneRW0000016016:560:0000:0000% 0
Matthew BeniersC0000021020:434:5110:00045% 29
Mulvinder BitchTitsD1010016129:016:0830:0000% 0
Patrice BergeronC011-1014014:440:0000:00056% 16
Quinn HughesD000000107:100:2010:0000% 0
Rasmus DahlinD0000020120:595:1000:0000% 0
Tage ThompsonC/LW/RW0110001019:393:2010:00050% 2
Thomas NovakC000000106:520:0000:00025% 8

Chiefs

5 vs 5 Forward
Line #Left WingCenterRight WingPHYDFOFWanted %Time %Time Play
1Ryan Nugent-HopkinsLeon DraisaitlDave Hunt1223026%13:42
2Brad MarchandCurtis LazarJake DeBrusk1222833%16:51
3Frank VatranoCasey CizikasReilly Smith1222630%15:42
4Jesse PuljujarviLeon DraisaitlJordan Eberle1221611%5:34
5 vs 5 Defense
Line #DefenseDefensePHYDFOFWanted %Time %Time Play
1Jake MuzzinIvan Provorov1223031%16:17
2Marc-Edouard VlasicMiro Heiskanen1222830%15:34
3Vincent DesharnaisDrew Doughty1222633%16:51
4Marc-Edouard VlasicIvan Provorov122166%3:07
Power Play Forward
Line #Left WingCenterRight WingPHYDFOFWanted %Time %Time Play
1Ryan Nugent-HopkinsLeon DraisaitlDave Hunt122550%0:00
2Leon DraisaitlRyan Nugent-HopkinsJake DeBrusk122450%0:00
Power Play Defense
Line #DefenseDefensePHYDFOFWanted %Time %Time Play
1Marc-Edouard VlasicIvan Provorov122550%0:00
2Marc-Edouard VlasicMiro Heiskanen122450%0:00
Penalty Kill 4 Players Forward
Line #CenterWingPHYDFOFWanted %Time %Time Play
1Leon DraisaitlRyan Nugent-Hopkins1225563%5:07
2Dave HuntLeon Draisaitl1224537%3:04
Penalty Kill 4 Players Defense
Line #DefenseDefensePHYDFOFWanted %Time %Time Play
1Marc-Edouard VlasicIvan Provorov1225531%2:33
2Marc-Edouard VlasicMiro Heiskanen1224569%5:38
Penalty Kill 3 Players
Line #WingPHYDFOFWanted %Time %Time PlayDefenseDefensePHYDFOFWanted %Time %Time Play
1Leon Draisaitl122550%0:00 Marc-Edouard VlasicIvan Provorov122550%0:00
2Ryan Nugent-Hopkins122450%0:00 Marc-Edouard VlasicMiro Heiskanen122450%0:00
4 vs 4 Forward
Line #CenterWingPHYDFOFWanted %Time %Time Play
1Leon DraisaitlRyan Nugent-Hopkins122550%0:00
2Dave HuntRyan Nugent-Hopkins122450%0:00
4 vs 4 Defense
Line #DefensePHYDFOFWanted %Time %Time Play
1Marc-Edouard VlasicIvan Provorov122550%0:00
2Marc-Edouard VlasicMiro Heiskanen122450%0:00
Last Minutes Offensive
Left WingCenterRight WingDefenseDefense
Ryan Nugent-HopkinsLeon DraisaitlDave HuntJake MuzzinIvan Provorov
Last Minutes Defensive
Left WingCenterRight WingDefenseDefense
Ryan Nugent-HopkinsLeon DraisaitlDave HuntJake MuzzinIvan Provorov
Time
Total ForwardTotal DefenseLast Minutes OffensiveLast Minutes Defensive
60:00 60:00 0:000:00
Extra Forwards
Normal PowerPlayPenalty Kill
Jesse Puljujarvi, Reilly Smith, Jordan EberleJesse Puljujarvi, Reilly SmithJordan Eberle
Extra Defensemen
Normal PowerPlayPenalty Kill
Vincent Desharnais, Ivan Provorov, Marc-Edouard VlasicVincent Desharnais, Ivan ProvorovMarc-Edouard Vlasic
Penalty Shots
Leon Draisaitl, Ryan Nugent-Hopkins, Dave Hunt, Reilly Smith, Jake DeBrusk
Goalie
Stuart Skinner, Cam Talbot
Custom OT Lines Forwards
Leon Draisaitl, Ryan Nugent-Hopkins, Dave Hunt, Jesse Puljujarvi, Jake DeBrusk, Brad Marchand, Reilly Smith, Jordan Eberle, Casey Cizikas, Frank Vatrano
Custom OT Lines Defensemen
Jake Muzzin, Ivan Provorov, Marc-Edouard Vlasic, Miro Heiskanen, Vincent Desharnais
Scratches
Max Domi (Healthy), Josh Bailey (Healthy)

Fucksticks

5 vs 5 Forward
Line #Left WingCenterRight WingPHYDFOFWanted %Time %Time Play
1Tage ThompsonConnor McDavidDavid Pastrnak1133028%14:21
2Kyle ConnorMatthew BeniersMark Stone1222831%15:52
3Boone JennerPatrice BergeronAlex DeBrincat1222628%14:44
4David PastrnakThomas NovakDawson Mercer1221613%6:52
5 vs 5 Defense
Line #DefenseDefensePHYDFOFWanted %Time %Time Play
1Mulvinder BitchTitsRasmus Dahlin1223027%13:58
2John CarlsonMacKenzie Weegar1222831%16:17
3Mark GiordanoJ.J. Moser1222628%14:44
4Quinn HughesMulvinder BitchTits1221613%6:50
Power Play Forward
Line #Left WingCenterRight WingPHYDFOFWanted %Time %Time Play
1Tage ThompsonConnor McDavidDavid Pastrnak1135541%3:20
2Kyle ConnorMatthew BeniersAlex DeBrincat1134559%4:51
Power Play Defense
Line #DefenseDefensePHYDFOFWanted %Time %Time Play
1Mulvinder BitchTitsRasmus Dahlin1225563%5:10
2Mulvinder BitchTitsMacKenzie Weegar1224537%3:01
Penalty Kill 4 Players Forward
Line #CenterWingPHYDFOFWanted %Time %Time Play
1Connor McDavidDavid Pastrnak122550%0:00
2Patrice BergeronBoone Jenner122450%0:00
Penalty Kill 4 Players Defense
Line #DefenseDefensePHYDFOFWanted %Time %Time Play
1Mulvinder BitchTitsRasmus Dahlin122550%0:00
2Mulvinder BitchTitsMacKenzie Weegar122450%0:00
Penalty Kill 3 Players
Line #WingPHYDFOFWanted %Time %Time PlayDefenseDefensePHYDFOFWanted %Time %Time Play
1Connor McDavid122550%0:00 Mulvinder BitchTitsRasmus Dahlin122550%0:00
2David Pastrnak122450%0:00 Mulvinder BitchTitsMacKenzie Weegar122450%0:00
4 vs 4 Forward
Line #CenterWingPHYDFOFWanted %Time %Time Play
1Connor McDavidDavid Pastrnak122550%0:00
2Tage ThompsonKyle Connor122450%0:00
4 vs 4 Defense
Line #DefensePHYDFOFWanted %Time %Time Play
1Mulvinder BitchTitsRasmus Dahlin122550%0:00
2Rasmus DahlinMacKenzie Weegar122450%0:00
Last Minutes Offensive
Left WingCenterRight WingDefenseDefense
Tage ThompsonConnor McDavidDavid PastrnakMulvinder BitchTitsRasmus Dahlin
Last Minutes Defensive
Left WingCenterRight WingDefenseDefense
Tage ThompsonConnor McDavidDavid PastrnakMulvinder BitchTitsRasmus Dahlin
Time
Total ForwardTotal DefenseLast Minutes OffensiveLast Minutes Defensive
60:00 60:00 0:000:00
Extra Forwards
Normal PowerPlayPenalty Kill
Connor McDavid, Mark Stone, Thomas NovakTage Thompson, Mark StoneThomas Novak
Extra Defensemen
Normal PowerPlayPenalty Kill
Mark Giordano, J.J. Moser, Quinn HughesMark Giordano, J.J. MoserQuinn Hughes
Penalty Shots
Connor McDavid, David Pastrnak, Tage Thompson, Kyle Connor, Alex DeBrincat
Goalie
Ilya Sorokin, Jeremy Swayman
Custom OT Lines Forwards
Connor McDavid, David Pastrnak, Tage Thompson, Kyle Connor, Alex DeBrincat, Mark Stone, Boone Jenner, Thomas Novak, Dawson Mercer, Patrice Bergeron
Custom OT Lines Defensemen
Mulvinder BitchTits, Rasmus Dahlin, J.J. Moser, MacKenzie Weegar, Mark Giordano
Scratches
Kaapo Kakko (Healthy), Trent Frederic (Healthy)


Play-by-Play

1st period


0:01 of 1st period - Connor McDavid wins face-off versus Leon Draisaitl in neutral zone.
0:41 of 1st period - Shot by Leon Draisaitl.
0:41 of 1st period - Shot Hit the Post.
0:48 of 1st period - Icing by Mulvinder BitchTits.
0:49 of 1st period - Casey Cizikas wins face-off versus Connor McDavid in Fucksticks zone.
1:06 of 1st period - Reilly Smith is hit by Rasmus Dahlin.
1:07 of 1st period - Minor Penalty to Frank Vatrano for Tripping.
1:08 of 1st period - Matthew Beniers wins face-off versus Leon Draisaitl in Chiefs zone.
1:23 of 1st period - Shot by Mulvinder BitchTits.
1:23 of 1st period - Stopped by Stuart Skinner without a rebound.
1:24 of 1st period - Leon Draisaitl wins face-off versus Matthew Beniers in Chiefs zone.
1:43 of 1st period - Shot by MacKenzie Weegar.
1:43 of 1st period - Shot Misses the Net.
2:34 of 1st period - Ivan Provorov is hit by David Pastrnak and loses puck.
2:55 of 1st period - Shot by Quinn Hughes.
2:55 of 1st period - Stopped by Stuart Skinner with a rebound.
2:57 of 1st period - Shot by Kyle Connor.
2:57 of 1st period - Shot Misses the Net.
2:59 of 1st period - Shot by Alex DeBrincat.
2:59 of 1st period - Deflect By Kyle Connor.
2:59 of 1st period - Stopped by Stuart Skinner without a rebound.
3:00 of 1st period - Connor McDavid wins face-off versus Dave Hunt in Chiefs zone.
3:14 of 1st period - Brad Marchand is hit by J.J. Moser and loses puck.
3:55 of 1st period - Shot by David Pastrnak.
3:55 of 1st period - Shot Misses the Net.
3:57 of 1st period - Shot by David Pastrnak.
3:57 of 1st period - Shot Misses the Net.
4:04 of 1st period - David Pastrnak is hit by Vincent Desharnais and loses puck.
4:17 of 1st period - Shot by David Pastrnak.
4:17 of 1st period - Shot Misses the Net.
4:26 of 1st period - Dawson Mercer is hit by Drew Doughty and loses puck.
4:44 of 1st period - Icing by Quinn Hughes.
4:45 of 1st period - Matthew Beniers wins face-off versus Casey Cizikas in Fucksticks zone.
5:10 of 1st period - Shot by Mark Stone.
5:10 of 1st period - Stopped by Stuart Skinner with a rebound.
5:36 of 1st period - Icing by Jake Muzzin.
5:37 of 1st period - Leon Draisaitl wins face-off versus Connor McDavid in Chiefs zone.
6:25 of 1st period - Icing by Ivan Provorov.
6:26 of 1st period - Leon Draisaitl wins face-off versus Patrice Bergeron in Chiefs zone.
6:26 of 1st period - Leon Draisaitl is hit by Patrice Bergeron.
6:46 of 1st period - Shot by Patrice Bergeron.
6:46 of 1st period - Stopped by Stuart Skinner without a rebound.
6:47 of 1st period - Matthew Beniers wins face-off versus Casey Cizikas in Chiefs zone.
6:50 of 1st period - Shot by Rasmus Dahlin.
6:50 of 1st period - Shot Misses the Net.
6:53 of 1st period - Icing by Marc-Edouard Vlasic.
6:54 of 1st period - Patrice Bergeron wins face-off versus Casey Cizikas in Chiefs zone.
7:34 of 1st period - Icing by Marc-Edouard Vlasic.
7:35 of 1st period - Casey Cizikas wins face-off versus Matthew Beniers in Chiefs zone.
7:35 of 1st period - Casey Cizikas is hit by Mark Stone.
7:41 of 1st period - Shot by Mark Stone.
7:41 of 1st period - Shot Blocked by Marc-Edouard Vlasic.
7:56 of 1st period - Off-side.
7:57 of 1st period - Jesse Puljujarvi wins face-off versus Thomas Novak in neutral zone.
8:10 of 1st period - Shot by Dawson Mercer.
8:10 of 1st period - Stopped by Stuart Skinner without a rebound.
8:11 of 1st period - Matthew Beniers wins face-off versus Curtis Lazar in Chiefs zone.
8:19 of 1st period - Icing by Vincent Desharnais.
8:20 of 1st period - Connor McDavid wins face-off versus Curtis Lazar in Chiefs zone.
8:29 of 1st period - Connor McDavid is hit by Curtis Lazar and loses puck.
8:40 of 1st period - Shot by Connor McDavid.
8:40 of 1st period - Stopped by Stuart Skinner without a rebound.
8:41 of 1st period - Matthew Beniers wins face-off versus Leon Draisaitl in Chiefs zone.
8:46 of 1st period - Shot by Mark Stone.
8:46 of 1st period - Shot Misses the Net.
9:14 of 1st period - Shot by Kyle Connor.
9:14 of 1st period - Shot Misses the Net.
9:16 of 1st period - Shot by Kyle Connor.
9:16 of 1st period - Shot Misses the Net.
9:31 of 1st period - Icing by Marc-Edouard Vlasic.
9:32 of 1st period - Leon Draisaitl wins face-off versus Patrice Bergeron in Chiefs zone.
9:45 of 1st period - Shot by Patrice Bergeron.
9:45 of 1st period - Deflect By Boone Jenner.
9:45 of 1st period - Stopped by Stuart Skinner without a rebound.
9:46 of 1st period - David Pastrnak wins face-off versus Curtis Lazar in Chiefs zone.
9:55 of 1st period - Shot by David Pastrnak.
9:55 of 1st period - Shot Misses the Net.
10:23 of 1st period - Shot by Tage Thompson.
10:23 of 1st period - Shot Hit the Post.
11:46 of 1st period - Minor Penalty to Miro Heiskanen for Roughing.
11:47 of 1st period - Leon Draisaitl wins face-off versus Matthew Beniers in Chiefs zone.
12:10 of 1st period - Shot by Matthew Beniers.
12:10 of 1st period - Stopped by Stuart Skinner without a rebound.
12:11 of 1st period - Leon Draisaitl wins face-off versus Matthew Beniers in Chiefs zone.
12:25 of 1st period - Icing by Mulvinder BitchTits.
12:26 of 1st period - Matthew Beniers wins face-off versus Dave Hunt in Fucksticks zone.
13:20 of 1st period - Shot by Connor McDavid.
13:20 of 1st period - Stopped by Stuart Skinner without a rebound.
13:21 of 1st period - Leon Draisaitl wins face-off versus Matthew Beniers in Chiefs zone.
14:28 of 1st period - Icing by Thomas Novak.
14:29 of 1st period - Casey Cizikas wins face-off versus Thomas Novak in Fucksticks zone.
14:44 of 1st period - Shot by Casey Cizikas.
14:44 of 1st period - Deflect By Reilly Smith.
14:44 of 1st period - Stopped by Ilya Sorokin without a rebound.
14:45 of 1st period - Leon Draisaitl wins face-off versus Matthew Beniers in Fucksticks zone.
15:18 of 1st period - Shot by Dave Hunt.
15:18 of 1st period - Stopped by Ilya Sorokin with a rebound.
15:20 of 1st period - Shot by Drew Doughty.
15:20 of 1st period - Shot Misses the Net.
17:01 of 1st period - Shot by Boone Jenner.
17:01 of 1st period - Shot Misses the Net.
17:03 of 1st period - Shot by Patrice Bergeron.
17:03 of 1st period - Shot Misses the Net.
17:05 of 1st period - Shot by Boone Jenner.
17:05 of 1st period - Stopped by Stuart Skinner with a rebound.
17:09 of 1st period - Shot by Boone Jenner.
17:09 of 1st period - Stopped by Stuart Skinner without a rebound.
17:10 of 1st period - Connor McDavid wins face-off versus Leon Draisaitl in Chiefs zone.
17:13 of 1st period - Shot by David Pastrnak.
17:13 of 1st period - Shot Misses the Net.
18:26 of 1st period - Shot by Miro Heiskanen.
18:26 of 1st period - Shot Misses the Net.
19:09 of 1st period - Icing by Jake Muzzin.
19:10 of 1st period - Leon Draisaitl wins face-off versus Patrice Bergeron in Chiefs zone.
19:15 of 1st period - Shot by Jesse Puljujarvi.
19:15 of 1st period - Shot Misses the Net.
19:16 of 1st period - Minor Penalty to Jesse Puljujarvi for Hooking.
19:17 of 1st period - Leon Draisaitl wins face-off versus Matthew Beniers in Chiefs zone.
19:51 of 1st period - Shot by Leon Draisaitl.
19:51 of 1st period - Shot Misses the Net.
19:57 of 1st period - Shot by Leon Draisaitl.
19:57 of 1st period - Shot Misses the Net.
19:59 of 1st period - Shot by Brandon Davidson.
19:59 of 1st period - Stopped by Ilya Sorokin without a rebound.
Goals for this period are 0 for Chiefs vs 0 for Fucksticks.
Shots for this period are 3 for Chiefs vs 12 for Fucksticks.

2nd period


0:01 of 2nd period - Connor McDavid wins face-off versus Leon Draisaitl in neutral zone.
0:12 of 2nd period - Shot by Mulvinder BitchTits.
0:12 of 2nd period - Deflect By David Pastrnak.
0:12 of 2nd period - Shot Misses the Net.
0:14 of 2nd period - Shot by Rasmus Dahlin.
0:14 of 2nd period - Deflect By Connor McDavid.
0:14 of 2nd period - Stopped by Stuart Skinner with a rebound.
0:16 of 2nd period - Shot by Mulvinder BitchTits.
0:16 of 2nd period - Shot Blocked by Marc-Edouard Vlasic.
0:18 of 2nd period - Shot by Connor McDavid.
0:18 of 2nd period - Deflect By David Pastrnak.
0:18 of 2nd period - Stopped by Stuart Skinner without a rebound.
0:19 of 2nd period - Leon Draisaitl wins face-off versus Matthew Beniers in Chiefs zone.
0:38 of 2nd period - Shot by Mulvinder BitchTits.
0:38 of 2nd period - Shot Misses the Net.
0:40 of 2nd period - Shot by MacKenzie Weegar.
0:40 of 2nd period - Shot Blocked by Marc-Edouard Vlasic.
0:42 of 2nd period - Shot by Mulvinder BitchTits.
0:42 of 2nd period - Shot Misses the Net.
0:54 of 2nd period - Shot by Mulvinder BitchTits.
0:54 of 2nd period - Stopped by Stuart Skinner without a rebound.
0:55 of 2nd period - Dave Hunt wins face-off versus David Pastrnak in Chiefs zone.
1:42 of 2nd period - Shot by Brad Marchand.
1:42 of 2nd period - Shot Misses the Net.
1:44 of 2nd period - Shot by Vincent Desharnais.
1:44 of 2nd period - Stopped by Ilya Sorokin without a rebound.
1:45 of 2nd period - Casey Cizikas wins face-off versus Matthew Beniers in Fucksticks zone.
1:50 of 2nd period - Shot by Frank Vatrano.
1:50 of 2nd period - Shot Misses the Net.
2:17 of 2nd period - Shot by Mark Stone.
2:17 of 2nd period - Stopped by Stuart Skinner without a rebound.
2:18 of 2nd period - Thomas Novak wins face-off versus Leon Draisaitl in Chiefs zone.
2:44 of 2nd period - Shot by David Pastrnak.
2:44 of 2nd period - Stopped by Stuart Skinner with a rebound.
2:46 of 2nd period - Shot by Mulvinder BitchTits.
2:46 of 2nd period - Stopped by Stuart Skinner without a rebound.
2:47 of 2nd period - Curtis Lazar wins face-off versus Alex DeBrincat in Chiefs zone.
3:02 of 2nd period - Shot by Jake DeBrusk.
3:02 of 2nd period - Shot Misses the Net.
3:04 of 2nd period - Shot by Vincent Desharnais.
3:04 of 2nd period - Stopped by Ilya Sorokin without a rebound.
3:05 of 2nd period - Matthew Beniers wins face-off versus Leon Draisaitl in Fucksticks zone.
3:12 of 2nd period - Shot by Kyle Connor.
3:12 of 2nd period - Shot Misses the Net.
3:34 of 2nd period - Shot by Leon Draisaitl.
3:34 of 2nd period - Stopped by Ilya Sorokin without a rebound.
3:35 of 2nd period - Patrice Bergeron wins face-off versus Brad Marchand in Fucksticks zone.
4:03 of 2nd period - Minor Penalty to Miro Heiskanen for Hooking.
4:04 of 2nd period - Connor McDavid wins face-off versus Leon Draisaitl in Chiefs zone.
4:07 of 2nd period - Shot by Mulvinder BitchTits.
4:07 of 2nd period - Shot Misses the Net.
4:42 of 2nd period - Shot by Tage Thompson.
4:42 of 2nd period - Stopped by Stuart Skinner without a rebound.
4:43 of 2nd period - Leon Draisaitl wins face-off versus Matthew Beniers in Chiefs zone.
4:54 of 2nd period - Shot by Kyle Connor.
4:54 of 2nd period - Shot Hit the Post.
4:56 of 2nd period - Shot by Alex DeBrincat.
4:56 of 2nd period - Deflect By Kyle Connor.
4:56 of 2nd period - Shot Misses the Net.
5:59 of 2nd period - Shot by David Pastrnak.
5:59 of 2nd period - Shot Hit the Post.
6:01 of 2nd period - Shot by Rasmus Dahlin.
6:01 of 2nd period - Deflect By David Pastrnak.
6:01 of 2nd period - Shot Blocked by Brandon Davidson.
6:03 of 2nd period - Shot by Rasmus Dahlin.
6:03 of 2nd period - Shot Misses the Net.
6:05 of 2nd period - Shot by Patrice Bergeron.
6:05 of 2nd period - Stopped by Stuart Skinner with a rebound.
6:18 of 2nd period - Shot by Patrice Bergeron.
6:18 of 2nd period - Stopped by Stuart Skinner without a rebound.
6:19 of 2nd period - Matthew Beniers wins face-off versus Casey Cizikas in Chiefs zone.
6:35 of 2nd period - Icing by Jake Muzzin.
6:36 of 2nd period - Casey Cizikas wins face-off versus Thomas Novak in Chiefs zone.
6:51 of 2nd period - Shot by Reilly Smith.
6:51 of 2nd period - Shot Misses the Net.
8:37 of 2nd period - Shot by Kyle Connor.
8:37 of 2nd period - Deflect By Mark Stone.
8:37 of 2nd period - Stopped by Stuart Skinner without a rebound.
8:38 of 2nd period - Casey Cizikas wins face-off versus Patrice Bergeron in Chiefs zone.
8:38 of 2nd period - Casey Cizikas is hit by Boone Jenner.
9:12 of 2nd period - Shot by Alex DeBrincat.
9:12 of 2nd period - Shot Misses the Net.
9:14 of 2nd period - Shot by Alex DeBrincat.
9:14 of 2nd period - Shot Misses the Net.
9:20 of 2nd period - Shot by Boone Jenner.
9:20 of 2nd period - Goal by Boone Jenner - Chiefs : 0 - Fucksticks : 1.
9:21 of 2nd period - Matthew Beniers wins face-off versus Curtis Lazar in neutral zone.
9:38 of 2nd period - Icing by Drew Doughty.
9:39 of 2nd period - Brad Marchand wins face-off versus Matthew Beniers in Chiefs zone.
9:39 of 2nd period - Drew Doughty is hit by Matthew Beniers.
9:46 of 2nd period - Off-side.
9:47 of 2nd period - Patrice Bergeron wins face-off versus Dave Hunt in neutral zone.
10:24 of 2nd period - Shot by Ryan Nugent-Hopkins.
10:24 of 2nd period - Shot Misses the Net.
10:26 of 2nd period - Shot by Ryan Nugent-Hopkins.
10:26 of 2nd period - Shot Misses the Net.
10:28 of 2nd period - Shot by Marc-Edouard Vlasic.
10:28 of 2nd period - Shot Blocked by MacKenzie Weegar.
10:41 of 2nd period - Icing by Curtis Lazar.
10:42 of 2nd period - Connor McDavid wins face-off versus Curtis Lazar in Chiefs zone.
11:21 of 2nd period - Tage Thompson is hit by Curtis Lazar and loses puck.
11:37 of 2nd period - Icing by Casey Cizikas.
11:38 of 2nd period - Casey Cizikas wins face-off versus Matthew Beniers in Chiefs zone.
11:56 of 2nd period - Shot by Mark Stone.
11:56 of 2nd period - Shot Misses the Net.
11:58 of 2nd period - Shot by Mark Giordano.
11:58 of 2nd period - Stopped by Stuart Skinner without a rebound.
11:59 of 2nd period - Patrice Bergeron wins face-off versus Leon Draisaitl in Chiefs zone.
12:07 of 2nd period - Boone Jenner is hit by Marc-Edouard Vlasic and loses puck.
12:20 of 2nd period - Shot by Ryan Nugent-Hopkins.
12:20 of 2nd period - Stopped by Ilya Sorokin without a rebound.
12:21 of 2nd period - Casey Cizikas wins face-off versus Matthew Beniers in Fucksticks zone.
13:01 of 2nd period - Shot by Mark Stone.
13:01 of 2nd period - Stopped by Stuart Skinner with a rebound.
13:03 of 2nd period - Shot by Mulvinder BitchTits.
13:03 of 2nd period - Stopped by Stuart Skinner without a rebound.
13:04 of 2nd period - Connor McDavid wins face-off versus Leon Draisaitl in Chiefs zone.
13:04 of 2nd period - Connor McDavid is hit by Marc-Edouard Vlasic.
13:22 of 2nd period - Shot by Leon Draisaitl.
13:22 of 2nd period - Shot Misses the Net.
13:24 of 2nd period - Shot by Ivan Provorov.
13:24 of 2nd period - Stopped by Ilya Sorokin with a rebound.
14:01 of 2nd period - Off-side.
14:02 of 2nd period - Patrice Bergeron wins face-off versus Curtis Lazar in neutral zone.
14:19 of 2nd period - Shot by Brad Marchand.
14:19 of 2nd period - Shot Blocked by Mulvinder BitchTits.
14:21 of 2nd period - Shot by Curtis Lazar.
14:21 of 2nd period - Shot Misses the Net.
15:08 of 2nd period - Casey Cizikas is hit by Matthew Beniers and loses puck.
15:10 of 2nd period - Minor Penalty to Jake Muzzin for Roughing.
15:11 of 2nd period - Connor McDavid wins face-off versus Ryan Nugent-Hopkins in Chiefs zone.
15:25 of 2nd period - Shot by Mulvinder BitchTits.
15:25 of 2nd period - Goal by Mulvinder BitchTits - Chiefs : 0 - Fucksticks : 2.
15:26 of 2nd period - Matthew Beniers wins face-off versus Leon Draisaitl in neutral zone.
16:30 of 2nd period - Brad Marchand is hit by MacKenzie Weegar and loses puck.
16:39 of 2nd period - Shot by Jake DeBrusk.
16:39 of 2nd period - Shot Misses the Net.
16:41 of 2nd period - Shot by Ivan Provorov.
16:41 of 2nd period - Shot Misses the Net.
16:43 of 2nd period - Shot by Curtis Lazar.
16:43 of 2nd period - Shot Blocked by Connor McDavid.
17:26 of 2nd period - Shot by Frank Vatrano.
17:26 of 2nd period - Shot Blocked by Rasmus Dahlin.
18:35 of 2nd period - Shot by Ryan Nugent-Hopkins.
18:35 of 2nd period - Stopped by Ilya Sorokin without a rebound.
18:36 of 2nd period - Curtis Lazar wins face-off versus Dawson Mercer in Fucksticks zone.
18:45 of 2nd period - Shot by Brad Marchand.
18:45 of 2nd period - Stopped by Ilya Sorokin without a rebound.
18:46 of 2nd period - Connor McDavid wins face-off versus Leon Draisaitl in Fucksticks zone.
18:46 of 2nd period - Connor McDavid is hit by Dave Hunt.
18:53 of 2nd period - Connor McDavid is hit by Dave Hunt and loses puck.
19:08 of 2nd period - Shot by Leon Draisaitl.
19:08 of 2nd period - Stopped by Ilya Sorokin without a rebound.
19:09 of 2nd period - Matthew Beniers wins face-off versus Curtis Lazar in Fucksticks zone.
19:19 of 2nd period - Icing by Miro Heiskanen.
19:20 of 2nd period - Curtis Lazar wins face-off versus Patrice Bergeron in Chiefs zone.
Goals for this period are 0 for Chiefs vs 2 for Fucksticks.
Shots for this period are 8 for Chiefs vs 15 for Fucksticks.

3rd period


0:01 of 3rd period - Connor McDavid wins face-off versus Leon Draisaitl in neutral zone.
2:16 of 3rd period - Shot by Frank Vatrano.
2:16 of 3rd period - Shot Misses the Net.
3:07 of 3rd period - Icing by Miro Heiskanen.
3:08 of 3rd period - Connor McDavid wins face-off versus Leon Draisaitl in Chiefs zone.
3:11 of 3rd period - Shot by Tage Thompson.
3:11 of 3rd period - Shot Misses the Net.
3:13 of 3rd period - Shot by Mulvinder BitchTits.
3:13 of 3rd period - Stopped by Stuart Skinner without a rebound.
3:14 of 3rd period - Connor McDavid wins face-off versus Casey Cizikas in Chiefs zone.
3:14 of 3rd period - David Pastrnak is hit by Drew Doughty.
3:47 of 3rd period - Drew Doughty is hit by David Pastrnak and loses puck.
4:46 of 3rd period - Off-side.
4:47 of 3rd period - Leon Draisaitl wins face-off versus Patrice Bergeron in neutral zone.
5:05 of 3rd period - Shot by Ryan Nugent-Hopkins.
5:05 of 3rd period - Deflect By Leon Draisaitl.
5:05 of 3rd period - Shot Blocked by J.J. Moser.
5:07 of 3rd period - Shot by Ryan Nugent-Hopkins.
5:07 of 3rd period - Shot Hit the Post.
5:15 of 3rd period - Shot by Ryan Nugent-Hopkins.
5:15 of 3rd period - Goal by Ryan Nugent-Hopkins - Chiefs : 1 - Fucksticks : 2.
5:16 of 3rd period - Casey Cizikas wins face-off versus Matthew Beniers in neutral zone.
5:29 of 3rd period - Casey Cizikas is hit by Kyle Connor and loses puck.
5:48 of 3rd period - Shot by Mark Stone.
5:48 of 3rd period - Stopped by Stuart Skinner with a rebound.
5:50 of 3rd period - Shot by John Carlson.
5:50 of 3rd period - Shot Blocked by Drew Doughty.
5:52 of 3rd period - Shot by Mark Stone.
5:52 of 3rd period - Shot Hit the Post.
5:56 of 3rd period - Shot by Kyle Connor.
5:56 of 3rd period - Stopped by Stuart Skinner without a rebound.
5:57 of 3rd period - Patrice Bergeron wins face-off versus Leon Draisaitl in Chiefs zone.
6:11 of 3rd period - Icing by Ivan Provorov.
6:12 of 3rd period - Ryan Nugent-Hopkins wins face-off versus Thomas Novak in Chiefs zone.
6:24 of 3rd period - Icing by Mulvinder BitchTits.
6:25 of 3rd period - Curtis Lazar wins face-off versus Thomas Novak in Fucksticks zone.
6:31 of 3rd period - Jake DeBrusk is hit by Mulvinder BitchTits and loses puck.
6:58 of 3rd period - Shot by Thomas Novak.
6:58 of 3rd period - Stopped by Stuart Skinner without a rebound.
6:59 of 3rd period - Leon Draisaitl wins face-off versus Matthew Beniers in Chiefs zone.
7:26 of 3rd period - Shot by Kyle Connor.
7:26 of 3rd period - Deflect By Mark Stone.
7:26 of 3rd period - Shot Misses the Net.
7:28 of 3rd period - Shot by John Carlson.
7:28 of 3rd period - Shot Blocked by Miro Heiskanen.
7:30 of 3rd period - Shot by John Carlson.
7:30 of 3rd period - Shot Misses the Net.
7:32 of 3rd period - Shot by John Carlson.
7:32 of 3rd period - Shot Misses the Net.
7:34 of 3rd period - Shot by MacKenzie Weegar.
7:34 of 3rd period - Shot Misses the Net.
7:36 of 3rd period - Shot by Mark Stone.
7:36 of 3rd period - Shot Blocked by Miro Heiskanen.
7:58 of 3rd period - Shot by Patrice Bergeron.
7:58 of 3rd period - Shot Misses the Net.
8:08 of 3rd period - Shot by Patrice Bergeron.
8:08 of 3rd period - Shot Misses the Net.
8:49 of 3rd period - Shot by David Pastrnak.
8:49 of 3rd period - Stopped by Stuart Skinner without a rebound.
8:50 of 3rd period - Curtis Lazar wins face-off versus Thomas Novak in Chiefs zone.
10:09 of 3rd period - Shot by Mark Stone.
10:09 of 3rd period - Stopped by Stuart Skinner without a rebound.
10:10 of 3rd period - Leon Draisaitl wins face-off versus Patrice Bergeron in Chiefs zone.
10:23 of 3rd period - Shot by Patrice Bergeron.
10:23 of 3rd period - Shot Blocked by Miro Heiskanen.
10:25 of 3rd period - Shot by Mark Giordano.
10:25 of 3rd period - Shot Blocked by Miro Heiskanen.
10:41 of 3rd period - Shot by Alex DeBrincat.
10:41 of 3rd period - Stopped by Stuart Skinner without a rebound.
10:42 of 3rd period - Matthew Beniers wins face-off versus Curtis Lazar in Chiefs zone.
10:49 of 3rd period - Shot by Mark Stone.
10:49 of 3rd period - Shot Misses the Net.
10:52 of 3rd period - Icing by Vincent Desharnais.
10:53 of 3rd period - Curtis Lazar wins face-off versus Connor McDavid in Chiefs zone.
11:22 of 3rd period - Shot by Brad Marchand.
11:22 of 3rd period - Shot Misses the Net.
11:24 of 3rd period - Shot by Drew Doughty.
11:24 of 3rd period - Shot Misses the Net.
11:47 of 3rd period - Icing by Quinn Hughes.
11:48 of 3rd period - Connor McDavid wins face-off versus Ryan Nugent-Hopkins in Fucksticks zone.
12:12 of 3rd period - Icing by Dave Hunt.
12:13 of 3rd period - Patrice Bergeron wins face-off versus Leon Draisaitl in Chiefs zone.
14:01 of 3rd period - Shot by David Pastrnak.
14:01 of 3rd period - Stopped by Stuart Skinner with a rebound.
14:43 of 3rd period - Shot by Patrice Bergeron.
14:43 of 3rd period - Stopped by Stuart Skinner without a rebound.
14:44 of 3rd period - Patrice Bergeron wins face-off versus Curtis Lazar in Chiefs zone.
14:47 of 3rd period - Shot by Patrice Bergeron.
14:47 of 3rd period - Shot Misses the Net.
15:08 of 3rd period - Shot by Brad Marchand.
15:08 of 3rd period - Goal by Brad Marchand - Chiefs : 2 - Fucksticks : 2.
15:09 of 3rd period - Leon Draisaitl wins face-off versus Matthew Beniers in neutral zone.
16:12 of 3rd period - Icing by Brad Marchand.
16:13 of 3rd period - Thomas Novak wins face-off versus Curtis Lazar in Chiefs zone.
17:17 of 3rd period - Shot by Reilly Smith.
17:17 of 3rd period - Shot Misses the Net.
17:19 of 3rd period - Shot by Frank Vatrano.
17:19 of 3rd period - Stopped by Ilya Sorokin without a rebound.
17:20 of 3rd period - Patrice Bergeron wins face-off versus Leon Draisaitl in Fucksticks zone.
17:49 of 3rd period - Shot by Boone Jenner.
17:49 of 3rd period - Stopped by Stuart Skinner with a rebound.
18:10 of 3rd period - Icing by Marc-Edouard Vlasic.
18:11 of 3rd period - Matthew Beniers wins face-off versus Casey Cizikas in Chiefs zone.
18:26 of 3rd period - Shot by Reilly Smith.
18:26 of 3rd period - Shot Misses the Net.
19:40 of 3rd period - Shot by Connor McDavid.
19:40 of 3rd period - Shot Misses the Net.
Goals for this period are 2 for Chiefs vs 0 for Fucksticks.
Shots for this period are 3 for Chiefs vs 10 for Fucksticks.

Overtime #1


0:01 of 1st overtime period - Leon Draisaitl wins face-off versus Connor McDavid in neutral zone.
0:04 of 1st overtime period - Shot by Leon Draisaitl.
0:04 of 1st overtime period - Shot Misses the Net.
1:21 of 1st overtime period - Shot by David Pastrnak.
1:21 of 1st overtime period - Stopped by Stuart Skinner without a rebound.
1:22 of 1st overtime period - Connor McDavid wins face-off versus Dave Hunt in Chiefs zone.
1:23 of 1st overtime period - Shot by Alex DeBrincat.
1:23 of 1st overtime period - Shot Misses the Net.
1:31 of 1st overtime period - Shot by Ivan Provorov.
1:31 of 1st overtime period - Shot Blocked by Connor McDavid.
1:33 of 1st overtime period - Shot by Ivan Provorov.
1:33 of 1st overtime period - Stopped by Ilya Sorokin with a rebound.
1:35 of 1st overtime period - Shot by Dave Hunt.
1:35 of 1st overtime period - Shot Misses the Net.
2:10 of 1st overtime period - Icing by Marc-Edouard Vlasic.
2:11 of 1st overtime period - Tage Thompson wins face-off versus Brad Marchand in Chiefs zone.
2:16 of 1st overtime period - Shot by David Pastrnak.
2:16 of 1st overtime period - Deflect By Tage Thompson.
2:16 of 1st overtime period - Shot Misses the Net.
2:28 of 1st overtime period - Shot by Jake DeBrusk.
2:28 of 1st overtime period - Stopped by Ilya Sorokin with a rebound.
2:51 of 1st overtime period - Icing by Rasmus Dahlin.
2:52 of 1st overtime period - Leon Draisaitl wins face-off versus Tage Thompson in Fucksticks zone.
2:52 of 1st overtime period - Leon Draisaitl is hit by Rasmus Dahlin.
3:19 of 1st overtime period - Shot by Mulvinder BitchTits.
3:19 of 1st overtime period - Shot Blocked by Jake Muzzin.
3:21 of 1st overtime period - Shot by Connor McDavid.
3:21 of 1st overtime period - Shot Misses the Net.
3:23 of 1st overtime period - Shot by Connor McDavid.
3:23 of 1st overtime period - Shot Misses the Net.
4:29 of 1st overtime period - Shot by Dave Hunt.
4:29 of 1st overtime period - Shot Blocked by Alex DeBrincat.
4:31 of 1st overtime period - Shot by Ivan Provorov.
4:31 of 1st overtime period - Shot Misses the Net.
4:37 of 1st overtime period - Shot by Dave Hunt.
4:37 of 1st overtime period - Shot Misses the Net.
4:39 of 1st overtime period - Shot by Jesse Puljujarvi.
4:39 of 1st overtime period - Shot Misses the Net.
4:58 of 1st overtime period - Off-side.
4:59 of 1st overtime period - Connor McDavid wins face-off versus Brad Marchand in neutral zone.
Goals for this period are 0 for Chiefs vs 0 for Fucksticks.
Shots for this period are 2 for Chiefs vs 1 for Fucksticks.

ShootOut


5:00 of 1st overtime period - Round #1.
5:00 of 1st overtime period - Chiefs, Leon Draisaitl.
5:00 of 1st overtime period - Stopped by Ilya Sorokin.
5:00 of 1st overtime period - Fucksticks, Connor McDavid.
5:00 of 1st overtime period - Stopped by Stuart Skinner.
5:00 of 1st overtime period - Round #2.
5:00 of 1st overtime period - Chiefs, Ryan Nugent-Hopkins.
5:00 of 1st overtime period - Shot Misses the Net.
5:00 of 1st overtime period - Fucksticks, David Pastrnak.
5:00 of 1st overtime period - Stopped by Stuart Skinner.
5:00 of 1st overtime period - Round #3.
5:00 of 1st overtime period - Chiefs, Dave Hunt.
5:00 of 1st overtime period - Shot Misses the Net.
5:00 of 1st overtime period - Fucksticks, Tage Thompson.
5:00 of 1st overtime period - Goal by Tage Thompson.